 Dungeon Crawl Stone Soup version 0.21.1-1-g345015fe64 (webtiles) character file.

442 Faustar the Purveyor of Pain (level 6, -8/32 HPs)
             Began as a Deep Elf Necromancer on June 11, 2018.
             Was an Initiate of Kikubaaqudgha.
             Mangled by an ogre
             ... wielding a +0 giant club
              (17 damage)
             ... on level 4 of the Dungeon.
             The game lasted 00:13:13 (6236 turns).

Faustar the Purveyor of Pain (Deep Elf Necromancer) Turns: 6236, Time: 00:13:14

Health: -8/32      AC:  2    Str:  5    XL:     6   Next: 71%
Magic:  11/18      EV: 13    Int: 22    God:    Kikubaaqudgha [......]
Gold:   213        SH:  0    Dex: 15    Spells: 5/19 levels left

rFire    . . .     SeeInvis .   x - +1 whip (elec)
rCold    . . .     Gourm    .   (no shield)
rNeg     . . .     Faith    .   a - +0 robe
rPois    .         Spirit   .   (no helmet)
rElec    .         Reflect  .   (no cloak)
rCorr    .         Harm     .   (no gloves)
MR       .....                  (no boots)
Stlth    ++........             (no amulet)
HPRegen  0.10/turn              (no ring)
MPRegen  0.16/turn              (no ring)

@: no status effects
A: no striking features
a: Renounce Religion


You were on level 4 of the Dungeon.
You worshipped Kikubaaqudgha.
Kikubaaqudgha was noncommittal.
You were hungry.

You visited 1 branch of the dungeon, and saw 5 of its levels.

You collected 213 gold pieces.

Inventory:

Hand Weapons
 g - a +0 dagger of venom
 h - a +0 dagger of freezing
 x - a +1 whip of electrocution (weapon)
Armour
 a - a +0 robe (worn)
 n - a +2 buckler
Wands
 r - a wand of flame (15)
 v - a wand of iceblast (8)
Scrolls
 f - 2 scrolls of random uselessness {unknown}
 i - a scroll of magic mapping
 o - 3 scrolls of identify {unknown}
 q - 3 scrolls of enchant armour {unknown}
 s - a scroll of fog {unknown}
 t - 3 scrolls of remove curse
 u - a scroll of immolation {unknown}
 w - 2 scrolls of amnesia {unknown}
 y - a scroll of noise {unknown}
 A - a scroll of teleportation {unknown}
Potions
 d - 4 potions of curing {unknown}
 e - 2 potions of heal wounds
 j - a potion of haste {unknown}
 k - a potion of brilliance {unknown}
 l - a potion of degeneration {unknown}
 m - 2 potions of mutation {unknown}
 p - a potion of lignification {unknown}
 z - a potion of magic {unknown}
 C - a potion of might {unknown}
Books
 b - a book of Necromancy

   Spells                             Type                      Level
   a - Pain                           Necromancy                   1
   b - Animate Skeleton               Necromancy                   1
   c - Vampiric Draining              Necromancy                   3
   d - Regeneration                   Charms/Necromancy            3
   e - Animate Dead                   Necromancy                   4
   f - Borgnjor's Vile Clutch         Necromancy/Earth             5
Comestibles
 c - 9 rations


   Skills:
 - Level 2.4 Dodging
 - Level 2.4 Stealth
 + Level 7.1 Spellcasting
 + Level 7.7 Necromancy
 * Level 0.0 Earth Magic


You had 5 spell levels left.
You knew the following spells:

 Your Spells              Type           Power        Failure   Level  Hunger
a - Pain                  Necr           ####         1%          1    None
b - Animate Skeleton      Necr           N/A          1%          1    None
c - Regeneration          Chrm/Necr      ###.......   4%          3    None
d - Animate Dead          Necr           N/A          3%          4    ###....
e - Borgnjor's Vile Clut  Necr/Erth      ###.......   41%         5    #####..


Dungeon Overview and Level Annotations

Branches:
Dungeon (5/15)
 Temple: D:4-7

Altars:
Kikubaaqudgha
Makhleb
Okawaru
Trog

Shops:
D:4 }

Annotations:
D:4 2 exclusions


Message History

Confirm with . or Enter, or press ? or * to list all spells.
Aiming: Pain
Press: ? - help, Shift-Dir - straight line, f/p - ogre
Aim: an ogre, wielding a giant club (heavily wounded, chance to defeat MR: 84%)
The ogre writhes in agony!
Casting: Pain
Confirm with . or Enter, or press ? or * to list all spells.
Aiming: Pain
Press: ? - help, Shift-Dir - straight line, f/p - ogre
Aim: an ogre, wielding a giant club (almost dead, chance to defeat MR: 84%)
The ogre barely resists.
The ogre closely misses you.
Casting: Pain
Confirm with . or Enter, or press ? or * to list all spells.
Aiming: Pain
Press: ? - help, Shift-Dir - straight line, f/p - ogre
Aim: an ogre, wielding a giant club (almost dead, chance to defeat MR: 84%)
The ogre writhes in agony!
The ogre hits you with a giant club!
Ouch! That really hurt!
You die...
Kikubaaqudgha rasps: "You have failed me!
Welcome... death!"

######### #.......#
#.#####.###### ######.# #.#....#
#......# #.#.##.# ##......#
#.#.##.# ###
........#####.#.##.######[# ####
................##.##.....####...
....#.##.......O@................
....#.#####.....#..##.###.###..##
....#.##...............##.# #..#
....#.................###.# #..#
....#.##.##..#.##..######.###..##
....#.##.##..#.##..............#.
....#.......<..#......#######.##.
#####.#####.####......# #.##.
#####.### #.# #......# #.##.


You could see an ogre.

Vanquished Creatures
  A phantom (D:4)
  A gnoll shaman (D:3)
  A hound (D:4)
  2 worker ants (D:4)
  11 gnolls
  3 adders
  2 shadow imps (D:4)
  3 dart slugs
  3 worms (D:2)
  3 leopard geckos
  10 orcs (D:3)
  6 bats
  4 giant cockroaches
  7 hobgoblins
  14 jackals
  4 kobolds
  A quokka (D:3)
  9 frilled lizards
  8 goblins
  13 rats
106 creatures vanquished.

Vanquished Creatures (collateral kills)
  A rat (D:3)
1 creature vanquished.

Grand Total: 107 creatures vanquished

Notes
Turn   | Place    | Note
-------+----------+-------------------------------------------
     0 | D:1      | Faustar the Deep Elf Necromancer began the quest for the Orb.
     0 | D:1      | Reached XP level 1. HP: 10/10 MP: 6/6
   131 | D:1      | Reached skill level 5 in Necromancy
   535 | D:1      | Reached XP level 2. HP: 15/15 MP: 5/8
   659 | D:1      | Learned a level 1 spell: Animate Skeleton
  1272 | D:1      | Reached XP level 3. HP: 8/19 MP: 3/10
  2165 | D:2      | Found an iron altar of Okawaru.
  2484 | D:2      | Reached XP level 4. HP: 19/24 MP: 6/12
  3007 | D:2      | Reached skill level 5 in Spellcasting
  3338 | D:2      | Found a bloodstained altar of Trog.
  3509 | D:2      | Learned a level 3 spell: Regeneration
  3514 | D:2      | Learned a level 4 spell: Animate Dead
  3769 | D:3      | Reached XP level 5. HP: 28/28 MP: 4/14
  4759 | D:3      | Found a burning altar of Makhleb.
  4759 | D:3      | Found an ancient bone altar of Kikubaaqudgha.
  4861 | D:3      | Became a worshipper of Kikubaaqudgha
  5149 | D:4      | Reached XP level 6. HP: 31/32 MP: 14/17
  5654 | D:4      | Found Tezariobb's Gadget Emporium.
  6001 | D:4      | Learned a level 5 spell: Borgnjor's Vile Clutch
  6225 | D:5      | Entered Level 5 of the Dungeon
  6236 | D:4      | Mangled by an ogre

Skill      XL: |  1  2  3  4  5  6 |
---------------+-------------------+-----
Necromancy     | 5 6 7 |  7.7
Spellcasting   | 4 5 6 7 |  7.1
Dodging        | |  2.4
Stealth        | |  2.4

Action                   |  1- 3 |  4- 6 || total
-------------------------+-------+-------++-------
Melee: Unarmed           |     1 |       ||     1
       Dagger            |    23 |    29 ||    52
       Whip              |       |    23 ||    23
 Cast: Pain              |    62 |   132 ||   194
       Animate Skeleton  |     3 |     1 ||     4
       Animate Dead      |       |     6 ||     6
       Regeneration      |       |     4 ||     4
Evoke: Wand              |       |     3 ||     3
  Use: Scroll            |       |     2 ||     2
       Potion            |       |     1 ||     1
 Stab: Sleeping          |     2 |     2 ||     4
       Distracted        |       |     2 ||     2
  Eat: Chunk             |     4 |     9 ||    13
       Ration            |       |     1 ||     1
Armor: Robe              |     3 |    15 ||    18
Dodge: Dodged            |    24 |    54 ||    78
